 Dungeon Crawl Stone Soup version 0.29.0-13-gc9e81de378 (console) character file.

Game seed: 308671984312197174

37 odiv the Covered (level 3, -7/28 HPs)
             Began as a Demonspawn Wanderer on Sept 11, 2022.
             Was a Follower of Kikubaaqudgha.
             Mangled by a gnoll
             ... wielding a +5 flail of protection
              (13 damage)
             ... on level 3 of the Dungeon.
             The game lasted 00:04:25 (1903 turns).

odiv the Covered (Demonspawn Wanderer)              Turns: 1903, Time: 00:04:25

Health: -7/28      AC:  3    Str: 10    XL:     3   Next: 23%
Magic:  10/12      EV: 11    Int: 12    God:    Kikubaaqudgha [*.....]
Gold:   129        SH:  0    Dex: 17    Spells: 1/2 levels left

rFire   . . .      SeeInvis .   a - +0 quarterstaff
rCold   . . .      Faith    .   (shield currently unavailable)
rNeg    . . .      Spirit   .   m - +0 leather armour
rPois   .          Reflect  .   (no helmet)
rElec   .          Harm     .   (no cloak)
rCorr   .          Rampage  .   (no gloves)
Will    .....                   (no boots)
Stlth   +.........              (no amulet)
HPRegen 0.09/turn               o - ring of flight
MPRegen 0.13/turn               p - ring of magical power

@: flying
A: demonic touch 1
a: Renounce Religion, Unearth Wretches


You were on level 3 of the Dungeon.
You worshipped Kikubaaqudgha.
Kikubaaqudgha was aware of your devotion.
You visited 1 branch of the dungeon, and saw 3 of its levels.

You collected 129 gold pieces.

Inventory:

Hand Weapons
 a - a +0 quarterstaff (weapon)
Missiles
 h - 16 stones (quivered)
 n - 4 poisoned darts
Armour
 d - a +0 ring mail
 m - a +0 leather armour (worn)
Jewellery
 o - a ring of flight (left hand)
 p - a ring of magical power (right hand)
Scrolls
 b - 2 scrolls of fear
 f - a scroll of vulnerability {unknown}
 g - 8 scrolls of identify {unknown}
 j - a scroll of amnesia {unknown}
 k - a scroll of blinking {unknown}
 l - 2 scrolls of teleportation {unknown}
Potions
 c - 2 potions of haste
 e - a potion of mutation


   Skills:
 - Level 2.4 Fighting
 - Level 1.0 Staves
 - Level 1.7 Throwing
 - Level 2.6 Armour
 + Level 1.0 Dodging
 - Level 1.7 Unarmed Combat
 + Level 1.4 Necromancy
 - Level 1.0 Evocations


You had one spell level left.
You knew the following spells:

 Your Spells              Type           Power      Damage    Failure   Level
a - Necrotise             Necr           12%        1d4       26%         1

Your spell library contained the following spells:

 Spells                   Type           Power      Damage    Failure   Level
 Magic Dart               Conj           0%         1d3       41%         1
 Sublimation of Blood     Necr           3%         N/A       36%         2
 Searing Ray              Conj           0%         2d4       54%         2
 Vampiric Draining        Necr           3%         2d6       58%         3
 Anguish                  Hex/Necr       0%         N/A       97%         4
 Fulminant Prism          Conj/Hex       0%         3d6       99%         4


Dungeon Overview and Level Annotations

Branches:
Dungeon (3/15)

Altars:
Kikubaaqudgha


Innate Abilities, Weirdness & Mutations

Your touch may inflict minor irresistible damage on your foes.


Message History

You kill the giant cockroach!
Kikubaaqudgha accepts your kill.
Your magical contamination has completely faded away.
There is a stone staircase leading down here.
You start resting.
Magic restored.
You start resting.
HP restored.
You fly downwards.
The gnoll shouts!
Found 9 gold pieces and a glowing hat.
There is a stone staircase leading up here.
Casting: Necrotise (safe; 26% risk of failure)
Confirm with . or Enter, or press ? or * to list all spells.
Aiming: Necrotise (safe; 26% risk of failure)
Press: ? - help, Shift-Dir - straight line, f - gnoll
Aim: a gnoll, wielding a +5 flail of protection (chance to affect: 52%)
You miscast Necrotise.
You are very lightly contaminated with residual magic.
Nothing appears to happen.
The gnoll hits you with a +5 flail of protection!
You closely miss the gnoll.
The gnoll hits you with a +5 flail of protection.
A gnoll comes into view. It is wielding a +0 spear.
Casting: Necrotise (safe; 26% risk of failure)
Confirm with . or Enter, or press ? or * to list all spells.
Aiming: Necrotise (safe; 26% risk of failure)
Press: ? - help, Shift-Dir - straight line, f/p - gnoll
Aim: a gnoll, wielding a +5 flail of protection (chance to affect: 52%)
The gnoll resists with significant effort.
The gnoll hits you with a +5 flail of protection!
* * * LOW HITPOINT WARNING * * *
Press: ? - help, v - describe, . - travel
Here: a gnoll, wielding a +5 flail of protection The floor.
It was a potion of cancellation.
You feel magically purged.
Your magical contamination has completely faded away.
The gnoll hits you with a +5 flail of protection!
You die...
Kikubaaqudgha rasps: "You have failed me!
Welcome... death!"

...#.# ~~
.####.. ♣~~ ~ #
#..PP~~ #.♣~Pg~
~~~♣~ ♣~~~P~
#######~~~~~~
###.......~~♣~~
...$...@g..~~P~
...####.....♣~♣
##....♣ .......
###..## #[# .#
.


You could see 2 gnolls.

Vanquished Creatures
  A dart slug (D:3)
  4 bats
  2 endoplasms
  4 giant cockroaches
  5 goblins
  2 kobolds (D:1)
  5 quokkas
  A ball python (D:1)
  A frilled lizard (D:1)
  7 rats
32 creatures vanquished.

Vanquished Creatures (others)
  36 plants
36 creatures vanquished.

Grand Total: 68 creatures vanquished

Notes
Turn   | Place    | Note
-------+----------+-------------------------------------------
     0 | D:1      | odiv the Demonspawn Wanderer began the quest for the Orb.
     0 | D:1      | odiv set off with the following items: a +0 quarterstaff, a
                  | scroll of fear, a potion of haste, a +0 ring mail, a potion
                  | of mutation.
     0 | D:1      | Reached XP level 1. HP: 15/15 MP: 1/1
   216 | D:1      | Discovered your monstrous ancestry.
   216 | D:1      | Gained mutation: Your touch may inflict minor irresistible
                  | damage on your foes. [demonic ancestry]
   216 | D:1      | Reached XP level 2. HP: 20/22 MP: 2/2
   488 | D:1      | Found a faded altar of an unknown god.
   496 | D:1      | Prayed at the altar of an unknown god.
   496 | D:1      | Became a worshipper of Kikubaaqudgha
   496 | D:1      | Reached * piety under Kikubaaqudgha
   496 | D:1      | Received a gift from Kikubaaqudgha
   499 | D:1      | Learned a level 1 spell: Necrotise
  1074 | D:2      | Reached skill level 1 in Necromancy
  1229 | D:2      | Reached XP level 3. HP: 28/28 MP: 3/3
  1727 | D:3      | Reached skill level 1 in Dodging
  1903 | D:3      | Mangled by a gnoll

Illustrated notes

Levels and vault maps discovered:
D:1:      wander_arrival_peaceful_grave, layout_loops_ring,
          ebering_ecumenical_altar_hall
D:2:      layout_loops_ring, serial_bayou, serial_bayou_ford_a,
          serial_bayou_lagoon_b, serial_bayou_lagoon_a, serial_bayou_pond_a
D:3:      layout_rooms, serial_bayou, serial_bayou_pond_e, serial_bayou_pond_c,
          serial_bayou_lake_a, serial_bayou_pond_c, serial_bayou_pond_b,
          hex_large

Skill      XL: |  1  2  3 |
---------------+----------+-----
Fighting       | 2 |  2.4
Necromancy     | 1 |  1.4
Dodging        | 1 |  1.0
Staves         | |  1.0
Throwing       | |  1.7
Armour         | |  2.6
Unarmed Combat | |  1.7
Evocations     | |  1.0

Action                   || total
-------------------------++-------
Melee: Quarterstaff      ||    72
Throw: Stone             ||     3
 Cast: Necrotise         ||    18
  Use: Potion            ||     1
 Stab: Sleeping          ||     2
Armor: Ring mail         ||    11
       Leather armour    ||    14
Dodge: Dodged            ||    47
